 Dungeon Crawl Stone Soup version 0.32-a0-841-g4648e6c (webtiles) character file.

Game seed: 7828176142996728749

30 Dorkslayer the Shield-Bearer (level 3, 0/26 HPs)
             Began as an Octopode Fighter on Mar 26, 2024.
             Succumbed to an adder's poison
             ... on level 2 of the Dungeon.
             The game lasted 00:01:06 (498 turns).

Dorkslayer the Shield-Bearer (Octopode Fighter)      Turns: 498, Time: 00:01:07

Health: 0/26       AC:  1    Str: 17    XL:     3   Next: 20%
Magic:  3/3        EV: 12    Int: 10    God:
Gold:   76         SH:  4    Dex: 11    Spells: 2/2 levels left

rFire   . . .        a - +0 war axe
rCold   . . .        b - +0 buckler
rNeg    . . .        (helmet restricted)
rPois   .            (no amulet)
rElec   .            (no ring)
rCorr   .            (no ring)
SInv    .            (no ring)
Will    .....        (no ring)
Stlth   ++           (no ring)
HPRegen 0.24/turn    (no ring)
MPRegen 0.08/turn    (no ring)
                     (no ring)

%: no passive effects
@: brilliant, lethally poisoned (0 -> -2)
A: almost no armour, amphibious, 8 rings, camouflage 1, gelatinous body 1,
(nimble swimmer 1), tentacles
a: no special abilities


You were on level 2 of the Dungeon.
You visited 1 branch of the dungeon, and saw 2 of its levels.

You collected 76 gold pieces.

Inventory:

Hand Weapons
 a - a +0 war axe (weapon)
Armour
 b - a +0 buckler (worn)
Talismans
 e - a flux talisman
Potions
 c - a potion of might


   Skills:
 + Level 3.4 Fighting
 + Level 2.1 Axes
 + Level 3.2 Dodging
 + Level 0.2 Stealth
 + Level 3.4 Shields
 * Level 0.3 Shapeshifting


You had 2 spell levels left.
You didn't know any spells.
Your spell library was empty.

Dungeon Overview and Level Annotations

Branches:
Dungeon (2/15)

Altars:


Innate Abilities, Weirdness & Mutations

You cannot wear most types of armour.
You are amphibious.
You can wear up to eight rings at the same time.
Your skin changes colour to match your surroundings (Stealth+).
Your rubbery body absorbs attacks. (AC +1, EV +1)
((You are camouflaged when in or above water. (Stealth+)))
You have tentacles for arms and can constrict up to eight enemies at once.


Message History

You closely miss the bat. You hit the goblin.
You kill the goblin!
You feel very sick. The bat closely misses you. You block the bat's attack.
The adder misses you. The adder bites you. The bat barely misses you.
You hit the adder. Your grab misses the adder.
The adder is severely wounded.
You barely miss the bat. You hit the endoplasm.
You feel sick. The bat barely misses you. The adder barely misses you.
The bat completely misses you. The endoplasm freezes you.
You are frozen.
The adder bites you.
You closely miss the adder. Your grab misses the adder.
The adder is severely wounded.
You hit the bat. You hit the endoplasm.
You kill the endoplasm!
You feel sick. The bat barely misses you. The adder closely misses you.
The adder barely misses you.
Unknown command.
You closely miss the adder. Your grab misses the adder.
The adder is severely wounded.
You slash the bat!
You kill the bat!
You feel sick. The adder bites you.
* * * LOW HITPOINT WARNING * * *
You are more poisoned.
The adder poisons you! The adder bites you.
* * * LOW HITPOINT WARNING * * *
Unknown command.
It was a potion of brilliance.
You feel clever all of a sudden.
* * * LOW HITPOINT WARNING * * *
You feel sick. The adder closely misses you.
You hit the adder but do no damage. Your grab misses the adder.
The adder is severely wounded.
* * * LOW HITPOINT WARNING * * *
You feel sick. The adder barely misses you. The adder closely misses you.
You hit the adder.
You kill the adder!
You die...

#########.#.#.#
#.............#
#.#..###.#†.#
......#....#
#..#.)....##########
#.#..#..##............
#
#.$..l..##...########.
....###.####...# #.
.......@†....#.# #.
.######)...###.# ##
####.# #.# #.# #.. .
... #


You could see a frilled lizard.

Vanquished Creatures
  An adder (D:2)
  3 dart slugs (D:1)
  2 endoplasms
  A giant cockroach (D:2)
  4 goblins
  2 hobgoblins (D:1)
  3 jackals (D:1)
  3 ball pythons (D:1)
  2 bats
  A frilled lizard (D:1)
  A rat (D:1)
23 creatures vanquished.

Notes
Turn   | Place    | Note
-------+----------+-------------------------------------------
     0 | D:1      | Dorkslayer the Octopode Fighter began the quest for the
                  | Orb.
     0 | D:1      | Reached XP level 1. HP: 16/16 MP: 1/1
    38 | D:1      | Reached XP level 2. HP: 18/21 MP: 2/2
   225 | D:1      | Reached XP level 3. HP: 24/26 MP: 3/3
   497 | D:2      | HP: 1/26 [poisoned by an adder]
   498 | D:2      | Succumbed to an adder's poison

Illustrated notes

Levels and vault maps discovered:
D:1:      lemuel_arrival_hallway, layout_basic
D:2:      layout_basic, minmay_hexomino_r4

Action                     || total
---------------------------++-------
  Melee: War axe           ||    31
         Constrict         ||    11
         Tentacles         ||     5
    Use: Potion            ||     1
   Stab: Sleeping          ||     3
 Armour: Skin              ||    17
  Dodge: Dodged            ||    29
  Block: Buckler           ||     5

Table legend: (Time is in decaauts)
 A = Elapsed time spent in this place.
 B = Non-inter-level travel time spent in this place.
 C = Inter-level travel time spent in this place.
 D = Time resting spent in this place.
 E = Time spent auto-exploring this place.
 F = Levels seen in this place.
 G = Mean time per level.
                   A        B        C        D        E       F      G
               +--------+--------+--------+--------+--------+-----+--------+
         Total |    511 |    511 |      0 |      0 |    251 |   2 |  255.5 |
       Dungeon |    511 |    511 |      0 |      0 |    251 |   2 |  255.5 |
               +--------+--------+--------+--------+--------+-----+--------+

Top non-repeatable levels by time:
     D:1: 474 daAuts
     D:2: 36 daAuts
